 Dungeon Crawl Stone Soup version 0.21.1-1-g345015f (webtiles) character file.

1120 Fang the Chopper (level 8, -2/49 HPs)
             Began as a Gargoyle Berserker on May 14, 2018.
             Was an Elder of Trog.
             Slain by a shadow imp (3 damage)
             ... while paralysed by Grinder
             ... on level 5 of the Dungeon.
             The game lasted 00:05:18 (3460 turns).

Fang the Chopper (Gargoyle Berserker)               Turns: 3460, Time: 00:05:19

Health: -2/49      AC: 12    Str: 22    XL:     8   Next: 34%
Magic:  8/8        EV:  2    Int:  9    God:    Trog [****..]
Gold:   268        SH:  0    Dex:  9    Spells: 7/7 levels left

rFire    . . .     SeeInvis .   a - +0 hand axe
rCold    + . .     Gourm    .   (no shield)
rNeg     + . .     Faith    .   i - +1 ring mail {rC+}
rPois    ∞         Spirit   .   (no helmet)
rElec    +         Reflect  .   (no cloak)
rCorr    .         Harm     .   (no gloves)
MR       .....                  (no boots)
Stlth    ..........             (no amulet)
HPRegen  0.16/turn              d - ring of loudness (curse)
MPRegen  0.11/turn              (no ring)

@: paralysed, berserk cooldown, slowed
A: negative energy resistance 1, electricity resistance, unbreathing,
petrification resistance, rot immunity, AC +5
a: Berserk, Trog's Hand, Brothers in Arms, Burn Spellbooks, Renounce Religion


You were on level 5 of the Dungeon.
You worshipped Trog.
Trog was greatly pleased with you.
You were hungry.

You visited 1 branch of the dungeon, and saw 5 of its levels.

You collected 268 gold pieces.

Inventory:

Hand Weapons
 a - a +0 hand axe (weapon)
Missiles
 m - 5 javelins of returning (quivered)
 n - 7 javelins
Armour
 i - a +1 ring mail of cold resistance (worn)
Jewellery
 d - a cursed ring of loudness (left hand)
Wands
 j - a wand of clouds (6)
Scrolls
 f - a scroll of blinking
 l - a scroll of identify
Potions
 b - a potion of lignification
 e - 2 potions of curing
 g - a potion of haste
 h - 3 potions of brilliance {unknown}
 k - a potion of mutation
Comestibles
 c - 8 rations
 o - 6 chunks of flesh


   Skills:
 + Level 5.2 Fighting
 + Level 6.8 Axes
 + Level 4.6 Armour
 + Level 3.7 Dodging


You had 7 spell levels left.
You didn't know any spells.

Dungeon Overview and Level Annotations

Branches:
Dungeon (5/15)
 Temple: D:4-7

Altars:
Gozag
Okawaru
Xom
Yredelemnul
Zin

Annotations:
D:5 Grinder


Innate Abilities, Weirdness & Mutations

You are resistant to torment.
Your stone body is resilient. (AC +5)
You are immune to poison.
You resist negative energy. (rN+)
You are resistant to electric shocks. (rElec)
You can survive without breathing.
You are immune to petrification.
You are immune to rotting.


Message History

The centaur zombie hits you.
* * * LOW HITPOINT WARNING * * *
Grinder grins, showing sharp teeth.
Grinder hits you but does no damage. The shadow imp hits you.
* * * LOW HITPOINT WARNING * * *
The centaur zombie hits you but does no damage.
The centaur zombie hits you but does no damage.
Grinder hits you but does no damage.
The shadow imp hits you but does no damage.
The centaur zombie hits you but does no damage.
Grinder says, "FISH!"
Grinder hits you.
* * * LOW HITPOINT WARNING * * *
You writhe in agony.
* * * LOW HITPOINT WARNING * * *
The shadow imp hits you but does no damage.
The centaur zombie hits you but does no damage.
Grinder gestures at you. You resist with some effort. The shadow imp hits you.
You die...

... ..<. ... ##......
.... ######........
....#### #..........#.#
......<# +.........?..
##+##'#####........#.#
#............$#......
.........##......#.#.#.#
.........##.#...@5......
##.......##.#..#5Z.....#
#.......##.............
#.......##..#.#.....#.#
#...#+###............#.
#... #.#.#.#...#.#.#
......#.....#... .#.# #
#.#.#.#.


You could see Grinder, a shadow imp and a centaur zombie.

Vanquished Creatures
  Pikel (D:4)
  2 big kobolds (D:4)
  A scorpion (D:4)
  A howler monkey (D:4)
  A hound (D:4)
  3 orc wizards (D:4)
  Terence (D:2)
  A worker ant (D:4)
  A hound skeleton (D:4)
  5 gnolls (D:4)
  3 adders (D:2)
  2 shadow imps
  An ooze (D:3)
  A worm (D:3)
  2 dart slugs
  5 leopard geckos
  10 orcs
  5 ball pythons
  3 giant cockroaches
  11 goblins
  7 hobgoblins
  11 jackals
  42 kobolds
  A quokka (D:4)
  6 bats
  10 frilled lizards
  10 rats
147 creatures vanquished.

Vanquished Creatures (others)
  A leopard gecko (D:4)
  An orc (D:4)
  A jackal (D:4)
  2 kobolds (D:4)
  A quokka skeleton (D:4)
  3 plants (D:4)
9 creatures vanquished.

Grand Total: 156 creatures vanquished

Notes
Turn   | Place    | Note
-------+----------+-------------------------------------------
     0 | D:1      | Fang the Gargoyle Berserker began the quest for the Orb.
     0 | D:1      | Reached XP level 1. HP: 14/14 MP: 1/1
    80 | D:1      | Reached XP level 2. HP: 18/19 MP: 2/2
   159 | D:1      | Reached skill level 3 in Axes
   726 | D:2      | Reached XP level 3. HP: 24/24 MP: 3/3
   765 | D:2      | Found an iron altar of Okawaru.
   972 | D:2      | Noticed Terence
   981 | D:2      | Killed Terence
   981 | D:2      | Reached XP level 4. HP: 29/29 MP: 4/4
  1056 | D:2      | Reached ** piety under Trog
  1374 | D:2      | Found a basalt altar of Yredelemnul.
  1386 | D:2      | Reached skill level 4 in Axes
  1405 | D:2      | Found a glowing silver altar of Zin.
  1422 | D:2      | Found a shimmering altar of Xom.
  1677 | D:3      | Found an opulent altar of Gozag.
  1754 | D:3      | Reached XP level 5. HP: 32/33 MP: 5/5
  2296 | D:4      | Noticed a big kobold
  2315 | D:4      | Killed a big kobold
  2315 | D:4      | Reached *** piety under Trog
  2315 | D:4      | Reached XP level 6. HP: 28/38 MP: 6/6
  2624 | D:4      | Reached skill level 5 in Axes
  2634 | D:4      | Noticed a slave
  2636 | D:4      | Noticed Pikel
  2641 | D:4      | Noticed a slave
  2644 | D:4      | Noticed a slave
  2645 | D:4      | Noticed a slave
  2661 | D:4      | Killed Pikel
  2661 | D:4      | Reached skill level 6 in Axes
  2661 | D:4      | Reached XP level 7. HP: 34/44 MP: 7/7
  2661 | D:4      | Reached XP level 8. HP: 37/48 MP: 8/8
  2816 | D:4      | Reached **** piety under Trog
  2863 | D:4      | Reached skill level 5 in Fighting
  3426 | D:5      | Entered Level 5 of the Dungeon
  3437 | D:5      | Noticed Grinder
  3456 | D:5      | Paralysed by Grinder for 7 turns
  3459 | D:5      | HP: 1/49 [Grinder (2)]
  3460 | D:5      | Slain by a shadow imp

Skill      XL: |  1  2  3  4  5  6  7  8 |
---------------+-------------------------+-----
Axes           | 3 4 6 |  6.8
Dodging        | 2 3 |  3.7
Fighting       | 4 5 |  5.2
Armour         | 4 |  4.6

Action                   |  1- 3 |  4- 6 |  7- 9 || total
-------------------------+-------+-------+-------++-------
Melee: Hand axe          |    89 |   271 |   158 ||   518
Invok: Berserk           |     2 |     2 |     2 ||     6
  Use: Scroll            |       |     7 |       ||     7
  Eat: Chunk             |       |     8 |     3 ||    11
       Ration            |       |     1 |       ||     1
Armor: Animal skin       |    61 |    20 |       ||    81
       Ring mail         |       |   138 |   115 ||   253
Dodge: Dodged            |    98 |   184 |   107 ||   389
